 Dungeon Crawl Stone Soup version 0.21-a0-404-g291f19a (webtiles) character file.

128286 theanonym the Devastator (level 16, -11/96 HPs)
             Began as a Deep Elf Ice Elementalist on Oct 31, 2017.
             Was an Elder of Sif Muna.
             Mangled by a spark wasp (27 damage)
             ... on level 3 of the Spider Nest.
             The game lasted 03:12:50 (49239 turns).

theanonym the Devastator (DEIE)                    Turns: 49239, Time: 03:12:51

Health: -11/96     AC: 10    Str:  5    XL:     16   Next: 48%
Magic:  12/37      EV: 20    Int: 30    God:    Sif Muna [****..]
Gold:   1592       SH:  5    Dex: 15    Spells: 8/45 levels left

rFire    . . .     SeeInvis +   P - staff of air
rCold    . . .     Gourm    .   K - +0 buckler
rNeg     . . .     Faith    .   I - +2 robe {MR+}
rPois    +         Spirit   .   Q - +0 hat {MR+}
rElec    +         Reflect  .   h - +1 cloak
rCorr    .         Harm     .   n - +1 pair of gloves
MR       +++..                  B - +1 pair of boots
Stlth    ++........             (no amulet)
HPRegen  0.26/turn              g - ring of poison resistance
MPRegen  0.25/turn              x - ring of wizardry

@: very slightly contaminated, divine energy, deflect missiles
A: see invisible, clever 1
a: Stop Divine Energy, Channel Magic, Forget Spell, Renounce Religion


You were on level 3 of the Spider Nest.
You worshipped Sif Muna.
Sif Muna was greatly pleased with you.
You were not hungry.

You visited 6 branches of the dungeon, and saw 28 of its levels.
You also visited: Labyrinth.

You collected 2037 gold pieces.
You spent 445 gold pieces at shops.

Inventory:

Armour
 h - a +1 cloak (worn)
   (You took it off Crazy Yiuf on level 2 of the Dungeon)
 n - a +1 pair of gloves (worn)
   (You found it on level 1 of the Dungeon)
 B - a +1 pair of boots (worn)
   (You found it on level 6 of the Dungeon)
 I - a +2 robe of magic resistance (worn)
   (You bought it in a shop on level 2 of the Orcish Mines)
 K - a +0 buckler (worn)
   (You found it on level 2 of the Dungeon)
 Q - a +0 hat of magic resistance (worn)
   (You took it off Gastronok on level 9 of the Dungeon)
Magical Staves
 H - an uncursed staff of wizardry
   (You found it on level 2 of the Spider Nest)
 P - an uncursed staff of air (weapon)
   (You took it off an orc on level 10 of the Dungeon)
Jewellery
 g - a ring of poison resistance (left hand)
   (You found it on level 1 of the Dungeon)
 x - a ring of wizardry (right hand)
   (You took it off a gnoll on level 5 of the Dungeon)
 J - a +5 ring of dexterity
   (You found it on level 8 of the Dungeon)
 S - an uncursed ring of fire
   (You found it on level 12 of the Dungeon)
 X - the ring "Kecum" {rCorr Str+2}
   (You found it in a labyrinth)

   [ring of resist corrosion]

   It affects your strength (+2).
 Y - an uncursed ring of positive energy
   (You found it in a labyrinth)
Wands
 p - a wand of digging (2/24)
   (You found it on level 1 of the Lair of Beasts)
 D - a wand of acid (10/15)
   (You found it on level 1 of the Lair of Beasts)
 N - a wand of disintegration (9/24)
   (You found it on level 3 of the Spider Nest)
Scrolls
 b - a scroll of random uselessness {unknown}
 d - 5 scrolls of teleportation {!r}
 f - a scroll of fog {unknown}
 q - 7 scrolls of remove curse
 r - 6 scrolls of identify
 t - 6 scrolls of recharging
 v - 5 scrolls of blinking
 y - 5 scrolls of enchant armour
 G - 2 scrolls of immolation
 M - 2 scrolls of enchant weapon
 R - a scroll of holy word
Potions
 i - a potion of cancellation {unknown}
 j - 2 potions of magic
 o - 2 potions of berserk rage
 s - 2 potions of might
 z - a potion of invisibility
 A - 2 potions of ambrosia
 C - 3 potions of flight
 E - a potion of brilliance {unknown}
 F - 5 potions of curing
 L - 3 potions of agility
 O - a potion of mutation
 U - a potion of haste {unknown}
Books
 a - Sif Muna's Volume of Lethal Lightness {god gift}
   (Sif Muna gifted it to you on level 15 of the Dungeon)

   Spells                             Type                      Level
   a - Static Discharge               Conjuration/Air              3
   b - Iskenderun's Mystic Blast      Conjuration                  4
   c - Force Lance                    Conjuration/Translocation    4
   d - Throw Icicle                   Conjuration/Ice              4
   e - Lightning Bolt                 Conjuration/Air              5
   f - Bolt of Fire                   Conjuration/Fire             6
   g - Orb of Destruction             Conjuration                  7
   h - Lehudib's Crystal Spear        Conjuration/Earth            8
 c - Sif Muna's Disquisition on Flying Confrontation {god gift}
   (Sif Muna gifted it to you on level 1 of the Spider Nest)

   Spells                             Type                      Level
   a - Mephitic Cloud                 Conjuration/Poison/Air       3
   b - Bolt of Magma                  Conjuration/Fire/Earth       5
   c - Deflect Missiles               Charms/Air                   6
   d - Bolt of Fire                   Conjuration/Fire             6
   e - Tornado                        Air                          9
 l - a book of Ice {god gift}
   (Sif Muna gifted it to you on level 4 of the Lair of Beasts)

   Spells                             Type                      Level
   a - Ice Form                       Ice/Transmutation            4
   b - Metabolic Englaciation         Hexes/Ice                    5
   c - Ozocubu's Refrigeration        Ice                          6
   d - Bolt of Cold                   Conjuration/Ice              6
   e - Freezing Cloud                 Conjuration/Ice/Air          6
   f - Simulacrum                     Ice/Necromancy               6
 m - a book of Annihilations
   (You found it on level 13 of the Dungeon)

   Spells                             Type                      Level
   a - Poison Arrow                   Conjuration/Poison           6
   b - Chain Lightning                Conjuration/Air              8
   c - Lehudib's Crystal Spear        Conjuration/Earth            8
   d - Glaciate                       Conjuration/Ice              9
   e - Fire Storm                     Conjuration/Fire             9
 w - a book of Debilitation
   (You found it on level 5 of the Dungeon)

   Spells                             Type                      Level
   a - Corona                         Hexes                        1
   b - Slow                           Hexes                        2
   c - Inner Flame                    Hexes/Fire                   3
   d - Portal Projectile              Hexes/Translocation          3
   e - Cause Fear                     Hexes                        4
   f - Leda's Liquefaction            Hexes/Earth                  4
 T - Sif Muna's Volume of Gliding Arcane Weapons {god gift}
   (Sif Muna gifted it to you on level 11 of the Dungeon)

   Spells                             Type                      Level
   a - Magic Dart                     Conjuration                  1
   b - Swiftness                      Charms/Air                   2
   c - Dazzling Spray                 Conjuration/Hexes            3
   d - Venom Bolt                     Conjuration/Poison           5
   e - Conjure Ball Lightning         Conjuration/Air              6
   f - Chain Lightning                Conjuration/Air              8
 W - the Handbook of the Dislocated Escort
   (You found it on level 13 of the Dungeon)

   Spells                             Type                      Level
   a - Summon Small Mammal            Summoning                    1
   b - Shroud of Golubria             Charms/Translocation         2
   c - Disjunction                    Translocation                8
   d - Dragon's Call                  Summoning                    9
Miscellaneous
 V - a lightning rod (4/4)
   (You found it on level 3 of the Spider Nest)
Comestibles
 u - 12 royal jellies


   Skills:
 + Level 9.1 Fighting
 - Level 11.0 Dodging
 - Level 2.4 Stealth
 - Level 4.0 Shields
 + Level 15.2 Spellcasting
 * Level 15.3 Conjurations
 - Level 5.2 Charms
 - Level 6.4 Fire Magic
 * Level 12.7 Ice Magic
 - Level 10.0 Air Magic
 + Level 10.2 Invocations


You had 8 spell levels left.
You knew the following spells:

 Your Spells              Type           Power        Failure   Level  Hunger
a - Throw Icicle          Conj/Ice       #######.     1%          4    None
b - Bolt of Cold          Conj/Ice       #######...   1%          6    ###....
c - Lightning Bolt        Conj/Air       #######...   1%          5    None
d - Deflect Missiles      Chrm/Air       #######...   6%          6    ###....
e - Freezing Cloud        Conj/Ice/Air   #######...   1%          6    ###....
f - Fireball              Conj/Fire      ######....   1%          5    None
g - Ozocubu's Armour      Chrm/Ice       ######..     1%          3    None
s - Swiftness             Chrm/Air       #######.     1%          2    None


Dungeon Overview and Level Annotations

Branches:
Dungeon (15/15)            Temple (1/1) D:5            Lair (4/6) D:11
  Swamp (2/4) Lair:2       Spider (4/4) Lair:3          Orc (2/2) D:12
    Elf (0/3) Orc:2        Vaults (0/5) D:14         Depths (0/5) D:15

Altars:
Ashenzari
Cheibriados
Dithmenos
Elyvilon
Fedhas
Gozag
Hepliaklqana
Kikubaaqudgha
Makhleb
Nemelex Xobeh
Okawaru
Qazlal
Ru
Sif Muna
Trog
Uskayaw
Vehumet
Wu Jian
Xom
Yredelemnul
Zin
The Shining One
Beogh

Shops:
D:7 *   Orc:2 [([(

Portals:
Trove: D:15 (give 7 scrolls of blinking)

Annotations:
D:10 exclusions: deep elf mage, door and 1 more exclusion
D:15 1 runed door
Lair:4 Urug
Swamp:2 Nikola


Innate Abilities, Weirdness & Mutations

You have supernaturally acute eyesight. (SInv)
Your mind is acute. (Int +2)


Message History

Done exploring.
Done exploring.
Done exploring.
You climb downwards.
You block the redback's attack.
There is a stone staircase leading up, spattered with blood here.
The redback bites you but does no damage.
You climb upwards.
There is a stone staircase leading down here.
Aim: a redback (lightly wounded)
The shard of ice hits the redback.
You kill the redback!
Sif Muna accepts your kill.
* * * LOW MAGIC WARNING * * *
Sif Muna grants you divine energy.
You briefly lose access to your magic!
You start resting.
You regain access to your magic.
You regained 2 hp, and now have 93/96 hp.
You start resting.
Health restored: 96 You regained 3 mp, and now have 5/37 mp.
You start resting.
MP restored: 37 You climb downwards.
You block the redback's attack.
There is a stone staircase leading up, spattered with blood here.
Aim: a tarantella The bolt of cold hits the redback.
You kill the redback!
Sif Muna accepts your kill.
The bolt of cold hits the tarantella.
The tarantella barely misses you.
You now have 31/37 mp.
The bolt of cold hits the tarantella.
You kill the tarantella!
Sif Muna accepts your kill.
You now have 25/37 mp.
You start resting.
A wolf spider comes into view.
Aim: a wolf spider (clinging)
The shard of ice hits the wolf spider.
You now have 22/37 mp.
Aim: a wolf spider (heavily wounded, clinging)
The shard of ice hits the wolf spider.
You kill the wolf spider!
Sif Muna accepts your kill.
You now have 18/37 mp.
You start resting.
A spark wasp comes into view.
Aim: a spark wasp (hasn't noticed you)
The shard of ice misses the spark wasp.
The spark wasp buzzes angrily.
* * * LOW MAGIC WARNING * * *
You hear an angry hiss.
The spark wasp bursts into living lightning!
The living lightning hits you!
The spark wasp blinks!
A wolf spider comes into view.
The wolf spider hisses angrily.
A tarantella comes into view.
You take 19 damage, and have 77/96 hp.
You now have 15/37 mp.
Here: a spark wasp The floor.
Unknown command.
Aim: a spark wasp The shard of ice hits the spark wasp.
The tarantella hisses angrily.
* * * LOW MAGIC WARNING * * *
The wolf spider moves out of view.
The spark wasp stings you!! The spark wasp shocks you!
* * * LOW HITPOINT WARNING * * *
You take 41 damage, and have 36/96 hp.
MASSIVE DAMAGE!!
You now have 11/37 mp.
The spark wasp misses you.
You climb upwards.
There is a stone staircase leading down here.
Unknown command.
Unknown command.
Blink to where?
You are very lightly contaminated with residual magic.
As you read the scroll of blinking, it crumbles to dust.
The spark wasp bursts into living lightning!
The living lightning misses you.
The spark wasp blinks! x2
Wield which item (- for none, * to show all)? (? for menu, Esc to quit)
P - an uncursed staff of air (weapon)
The spark wasp stings you!
* * * LOW HITPOINT WARNING * * *
The spark wasp shocks you. You resist.
* * * LOW HITPOINT WARNING * * *
You take 21 damage, and have 16/96 hp.
MASSIVE DAMAGE!!
Okay, then.
Unknown command.
Okay, then.
Unknown command.
Unknown command.
Okay, then.
Okay, then.
Unknown command.
As you read the scroll of summoning, it crumbles to dust.
Wisps of shadow whirl around you... The spark wasp stings you!!
You die...

##.....# #........#
# ##^...# #.......##
###.....###......##
.##.##.#.........###
...######..####....#
...## ##.## ##...#
....# ##.## #y.##
....###.### #s##
.#..##.#..# ##@#
..##^.#.### #y##
..#..#### #####.#
#....## ###....##
..##..###......##
..####..........#
.## #......§§...##
## ##......†....## #
#............#


You could see a spark wasp, a friendly wolf spider and a friendly hornet.

Vanquished Creatures
  Agnes (D:15)
  Gastronok (D:9)
  Frances (D:13)
  Kirke (D:12)
  Louise (Spider:1)
  An orc warlord (Orc:2)
  An entropy weaver (Spider:3)
  Josephine (D:10)
  A minotaur (Lab)
  A yaktaur captain (D:15)
  2 ogre magi (D:15)
  8 hydras
  2 vault guards (D:14)
  4 centaur warriors
  Erica (D:10)
  A ghost crab (Swamp:1)
  An alligator (Swamp:2)
  12 two-headed ogres
  A death knight (D:12)
  A tengu warrior (D:10)
  2 death yaks (Lair:4)
  An orc high priest (Orc:2)
  5 skeletal warriors
  2 unseen horrors
  A deep troll (D:10)
  A phantasmal warrior (D:12)
  2 deep elf archers (D:14)
  2 deep elf magi
  A wolf spider zombie (D:15)
  3 ugly things (D:13)
  5 orc knights
  16 wolf spiders
  11 orb spiders
  3 orc sorcerers
  2 cyclopes
  Maurice (D:11)
  11 elephants (Lair:4)
  A torpor snail (Lair:1)
  13 spiny frogs
  3 gargoyles
  3 kobold demonologists (D:11)
  2 ice devils (Lair:2)
  8 demonic crawlers
  A rime drake (Lair:3)
  5 komodo dragons
  3 yaktaurs
  2 freezing wraiths (D:12)
  25 jumping spiders
  3 tengu conjurers
  4 trolls
  3 hornets
  4 polar bears (Lair:4)
  A tyrant leech (Swamp:2)
  5 bog bodies
  28 blink frogs
  4 dream sheep (Lair:1)
  4 slime creatures
  10 hippogriffs
  A meliai zombie (D:14)
  36 redbacks
  2 shadows
  10 wraiths
  3 wyverns
  32 yaks
  Sigmund (D:3)
  11 tarantellas
  2 water elementals (D:15)
  4 basilisks
  A human (D:14)
  A hog (D:12)
  10 vampire mosquitoes
  4 hungry ghosts
  The ghost of morken the Chopper, an amateur DsGl (D:4)
  A steam dragon (D:10)
  3 wargs (Orc:2)
  9 swamp worms
  A soldier ant (D:12)
  4 water moccasins
  Duvessa (D:5)
  10 porcupines
  2 hornet zombies
  12 ice beasts
  31 orc warriors
  A sky beast (D:6)
  A black bear (D:9)
  2 necrophages
  2 eyes of draining
  20 ogres
  21 centaurs
  5 crocodiles
  4 big kobolds
  19 bullfrogs
  A gnoll sergeant (D:9)
  Dowan (D:5)
  6 scorpions
  9 killer bees
  17 wights
  2 electric eels
  4 howler monkeys
  6 crimson imps
  3 centaur zombies
  A quasit (D:9)
  23 orc priests
  3 jellies
  30 orc wizards
  9 hounds
  Crazy Yiuf (D:2)
  2 gnoll shamans
  6 bullfrog skeletons
  9 centaur skeletons
  9 iguanas
  9 worker ants
  3 hound zombies
  A hound skeleton (D:10)
  Robin (D:2)
  A worker ant zombie (D:6)
  15 gnolls
  A howler monkey skeleton (D:10)
  21 adders
  7 shadow imps
  A white imp (Lair:4)
  An adder skeleton (D:5)
  3 worms
  A dart slug (D:1)
  5 leopard geckos
  78 orcs
  6 giant cockroaches
  17 goblins
  13 hobgoblins
  14 jackals
  22 kobolds
  3 quokkas
  4 ball pythons
  5 bats
  6 frilled lizards
  A jackal skeleton (D:6)
  A quokka skeleton (D:5)
  5 rats
  A butterfly (Lair:4)
  A fungus (Lair:4)
  A plant (Lair:4)
902 creatures vanquished.

Vanquished Creatures (others)
  86 ball lightnings
  2 humans (D:12)
  An orc (D:10)
  A kobold (D:2)
  7 fungi
  6 plants
103 creatures vanquished.

Grand Total: 1005 creatures vanquished

Notes
Turn   | Place    | Note
-------+----------+-------------------------------------------
     0 | D:1      | theanonym the Deep Elf Ice Elementalist began the quest for the Orb.
     0 | D:1      | Reached XP level 1. HP: 10/10 MP: 6/6
   138 | D:1      | Reached XP level 2. HP: 7/15 MP: 5/8
   574 | D:1      | Learned a level 2 spell: Throw Frost
   773 | D:2      | Reached skill level 4 in Spellcasting
   778 | D:2      | Reached skill level 4 in Ice Magic
   781 | D:2      | Reached XP level 3. HP: 12/19 MP: 5/10
  1062 | D:2      | Learned a level 3 spell: Ozocubu's Armour
  1188 | D:2      | Reached skill level 1 in Charms
  1190 | D:2      | Found a white marble altar of Elyvilon.
  1427 | D:2      | Reached XP level 4. HP: 24/24 MP: 5/12
  1547 | D:2      | Reached skill level 2 in Charms
  1668 | D:2      | Found a runed door.
  1792 | D:2      | Noticed Crazy Yiuf
  1798 | D:2      | Killed Crazy Yiuf
  1924 | D:3      | Noticed Sigmund
  1943 | D:3      | Gained mutation: Your muscles are strong. (Str +2) [potion of mutation]
  1943 | D:3      | Gained mutation: You have supernaturally acute eyesight. (SInv) [potion of mutation]
  1943 | D:3      | Lost mutation: Your muscles are strong. (Str +2) [potion of mutation]
  1943 | D:3      | Gained mutation: Your mind is acute. (Int +2) [potion of mutation]
  2275 | D:3      | Found a faded altar of an unknown god.
  2295 | D:3      | Reached skill level 5 in Spellcasting
  2355 | D:3      | Reached XP level 5. HP: 21/28 MP: 9/14
  2556 | D:3      | Killed Sigmund
  2556 | D:3      | Reached skill level 4 in Charms
  2556 | D:3      | Reached skill level 5 in Ice Magic
  2556 | D:3      | Reached XP level 6. HP: 22/32 MP: 0/16
  2796 | D:3      | Noticed Robin
  2825 | D:2      | Killed Robin
  3282 | D:4      | Learned a level 4 spell: Throw Icicle
  3415 | D:4      | Reached skill level 3 in Dodging
  3415 | D:4      | Reached skill level 6 in Spellcasting
  3511 | D:4      | Noticed morken's ghost (amateur DsGl)
  3988 | D:4      | Reached skill level 2 in Conjurations
  3988 | D:4      | Reached XP level 7. HP: 26/36 MP: 18/18
  4294 | D:4      | Killed morken's ghost
  4294 | D:4      | Reached skill level 5 in Charms
  4489 | D:5      | Entered Level 5 of the Dungeon
  4489 | D:5      | Found a hazy altar of Hepliaklqana.
  4489 | D:5      | Found a glowing silver altar of Zin.
  4496 | D:5      | Reached skill level 4 in Dodging
  4496 | D:5      | Reached skill level 6 in Ice Magic
  4694 | D:5      | Found a staircase to the Ecumenical Temple.
  4713 | Temple   | Entered the Ecumenical Temple
  4860 | Temple   | theanonym: !lg * urune=15 s=god
  4860 | Temple   | theanonym: !lg * urune=15 s=god
  4860 | Temple   | theanonym: !lg * urune=15 s=god
  4860 | Temple   | theanonym: !lg
  4860 | Temple   | theanonym: !lg
  4866 | Temple   | Became a worshipper of Sif Muna the Loreminder
  4925 | D:5      | Reached skill level 3 in Conjurations
  5021 | D:4      | Reached skill level 7 in Spellcasting
  5021 | D:4      | Reached XP level 8. HP: 18/42 MP: 2/20
  5195 | D:5      | Noticed Dowan
  5429 | D:5      | Reached skill level 1 in Fighting
  5507 | D:5      | Found a shadowy altar of Dithmenos.
  5763 | D:5      | Noticed Duvessa
  5816 | D:6      | Reached skill level 4 in Conjurations
  5915 | D:6      | Found a basalt altar of Yredelemnul.
  5967 | D:6      | Reached skill level 5 in Dodging
  5967 | D:6      | Reached skill level 7 in Ice Magic
  6152 | D:5      | Reached * piety under Sif Muna
  6185 | D:5      | Killed Duvessa
  6314 | D:5      | Killed Dowan
  6494 | D:6      | Reached skill level 2 in Fighting
  6494 | D:6      | Reached skill level 5 in Conjurations
  6516 | D:6      | Found a bloodstained altar of Trog.
  6740 | D:6      | Reached XP level 9. HP: 48/48 MP: 15/22
  6799 | D:6      | Reached skill level 8 in Spellcasting
  7196 | D:6      | Reached skill level 8 in Ice Magic
  7544 | D:7      | Reached skill level 6 in Conjurations
  7572 | D:7      | Found a radiant altar of Vehumet.
  7590 | D:7      | Reached ** piety under Sif Muna
  7930 | D:7      | Reached skill level 6 in Dodging
  8095 | D:7      | Reached skill level 3 in Fighting
  8541 | D:7      | Reached skill level 7 in Conjurations
  8834 | D:7      | Reached skill level 9 in Ice Magic
  8940 | D:7      | Reached *** piety under Sif Muna
  9111 | D:7      | Found Oziuxa's Assorted Antiques.
  9557 | D:8      | Reached skill level 1 in Shields
  9557 | D:8      | Reached XP level 10. HP: 56/56 MP: 12/24
  9570 | D:8      | Reached skill level 2 in Shields
  9956 | D:8      | Reached skill level 3 in Shields
 10536 | D:8      | Reached skill level 4 in Shields
 10734 | D:9      | Reached skill level 9 in Spellcasting
 11276 | D:8      | Reached skill level 7 in Dodging
 11552 | D:9      | Noticed Gastronok
 12073 | D:9      | Reached skill level 4 in Fighting
 12532 | D:10     | Entered Level 10 of the Dungeon
 12724 | D:10     | Reached skill level 8 in Conjurations
 12882 | D:10     | Reached **** piety under Sif Muna
 13189 | D:9      | Reached skill level 1 in Invocations
 13408 | D:10     | Noticed a deep troll
 13414 | D:10     | Killed a deep troll
 13414 | D:10     | Reached skill level 8 in Dodging
 13414 | D:10     | Reached skill level 10 in Spellcasting
 13414 | D:10     | Reached XP level 11. HP: 62/62 MP: 5/27
 13587 | D:10     | Noticed Josephine
 13589 | D:10     | Noticed a deep elf mage
 13607 | D:10     | Killed Josephine
 13607 | D:10     | Reached skill level 2 in Invocations
 14158 | D:10     | Noticed a tengu warrior
 14212 | D:9      | Killed Gastronok
 14212 | D:9      | Reached skill level 5 in Fighting
 14212 | D:9      | Reached skill level 10 in Ice Magic
 14212 | D:9      | Reached skill level 4 in Invocations
 14391 | D:10     | Noticed a two-headed ogre
 14395 | D:10     | Killed a two-headed ogre
 14395 | D:10     | Reached skill level 9 in Conjurations
 14632 | D:10     | Reached skill level 9 in Dodging
 14764 | D:10     | Reached skill level 5 in Invocations
 15069 | D:10     | Noticed Erica
 15104 | D:10     | Killed Erica
 15257 | D:10     | Killed a tengu warrior
 15257 | D:10     | Reached skill level 6 in Invocations
 16257 | D:11     | Noticed Maurice
 16260 | D:11     | Killed Maurice
 16652 | D:11     | Noticed a two-headed ogre
 16938 | D:11     | Found a staircase to the Lair.
 17137 | D:11     | Reached XP level 12. HP: 66/68 MP: 0/28
 17273 | D:11     | Reached skill level 7 in Invocations
 17755 | D:11     | Killed a two-headed ogre
 17755 | D:11     | Reached ***** piety under Sif Muna
 17755 | D:11     | Identified Sif Muna's Volume of Gliding Arcane Weapons {god gift} (Sif Muna gifted it to you on level 11 of the Dungeon)
 17755 | D:11     | Received a gift from Sif Muna
 17755 | D:11     | Reached skill level 10 in Dodging
 17755 | D:11     | Reached skill level 10 in Conjurations
 17823 | D:11     | Learned a level 2 spell: Swiftness
 18282 | D:11     | Noticed a two-headed ogre
 18288 | D:11     | Killed a two-headed ogre
 18288 | D:11     | Reached skill level 1 in Air Magic
 18288 | D:11     | Reached skill level 8 in Invocations
 18900 | Lair:1   | Entered Level 1 of the Lair of Beasts
 18963 | Lair:1   | Reached skill level 2 in Air Magic
 19210 | Lair:1   | Reached skill level 9 in Invocations
 19251 | Lair:1   | Found a labyrinth entrance.
 19255 | Lab      | Entered a labyrinth
 19397 | Lab      | Noticed a minotaur
 19404 | Lab      | Killed a minotaur
 19404 | Lab      | Reached skill level 3 in Air Magic
 19414 | Lab      | Got a glittering turquoise ring
 19418 | Lab      | Identified the ring "Kecum" {rCorr Str+2} (You found it in a labyrinth)
 19737 | Lair:1   | Reached skill level 10 in Invocations
 19755 | Lair:1   | Reached skill level 4 in Air Magic
 19894 | Lair:1   | Learned a level 6 spell: Conjure Ball Lightning
 20584 | Lair:1   | Noticed a four-headed hydra
 20593 | Lair:1   | Killed a four-headed hydra
 20593 | Lair:1   | Reached skill level 5 in Air Magic
 21408 | Lair:2   | Reached XP level 13. HP: 40/74 MP: 23/29
 21420 | Lair:1   | HP: 14/74 [poisoned by a spiny frog]
 21425 | Lair:1   | HP: 12/74 [poisoned by a spiny frog]
 21430 | Lair:1   | HP: 11/74 [poisoned by a spiny frog]
 21438 | Lair:1   | HP: 11/74 [poisoned by a spiny frog]
 21446 | Lair:1   | HP: 11/74 [poisoned by a spiny frog]
 21973 | Lair:2   | Reached skill level 6 in Air Magic
 22745 | Lair:2   | Found a staircase to the Swamp.
 23250 | Lair:3   | Reached skill level 11 in Spellcasting
 23252 | Lair:3   | Reached skill level 6 in Fighting
 23267 | Lair:3   | Reached skill level 11 in Conjurations
 23692 | Lair:3   | Learned a level 5 spell: Fireball
 23744 | Lair:3   | Found a hole to the Spider Nest.
 23785 | Lair:3   | Reached skill level 1 in Fire Magic
 24172 | Lair:3   | Reached skill level 7 in Air Magic
 24995 | Lair:4   | Reached skill level 2 in Fire Magic
 25482 | Lair:4   | Reached skill level 3 in Fire Magic
 25681 | Lair:3   | theanonym: !lg * urune=15 s=god
 25681 | Lair:3   | beem: 15634 games for * (urune=15): 3766x The Shining One, 1765x Vehumet, 1448x Makhleb, 1362x Cheibriados, 1150x Zin, 849x Ashenzari, 786x Sif Muna, 568x Okawaru, 488x Gozag, 377x Kikubaaqudgha, 357x Ru, 311x, 285x Xom, 282x Trog, 278x Qazlal, 274x Dithmenos, 228x Uskayaw, 206x Lugonu, 180x Jiyva, 174x Nemelex Xobeh, 113x Hepliaklqana, 93x Beogh, 86x Elyvilon, 66x Pakellas, 54x Fedhas, 51x Wu Jian, 3...
 25681 | Lair:3   | theanonym: !lg * urune=15 god=sif muna
 25681 | Lair:3   | beem: No keyword 'muna'
 25681 | Lair:3   | theanonym: !lg * urune=15 god=sif_muna
 25681 | Lair:3   | beem: 786. Kirara the Archmage (L27 DEWz of Sif Muna), escaped with the Orb and 15 runes on 2017-10-30 09:30:45, with 19738087 points after 79856 turns and 10:45:46.
 25681 | Lair:3   | theanonym: !lg * urune=15 god=sif_muna -count:10
 25681 | Lair:3   | theanonym: !lg * urune=15 god=sif_muna -count:10
 25681 | Lair:3   | theanonym: !lg * urune=15 god=sif_muna -count:10
 25681 | Lair:3   | beem: 10/786 games for * (urune=15 god=sif_muna): Kirara L27 DEWz (cwz), Kirara L27 DEWz (cwz), Engine L27 HuWz (cwz), Kirara L27 DEWz (cwz), Kirara L27 DEWz (cwz), cosmonaut L27 GnCj (cwz), Kirara L27 DEWz (cwz), Kirara L27 DEWz (cwz), Kirara L27 DEWz (cwz), WhatIsLove L27 GnVM (cue)
 25681 | Lair:3   | beem: 10/786 games for * (urune=15 god=sif_muna): Kirara L27 DEWz (cwz), Kirara L27 DEWz (cwz), Engine L27 HuWz (cwz), Kirara L27 DEWz (cwz), Kirara L27 DEWz (cwz), cosmonaut L27 GnCj (cwz), Kirara L27 DEWz (cwz), Kirara L27 DEWz (cwz), Kirara L27 DEWz (cwz), WhatIsLove L27 GnVM (cue)
 25681 | Lair:3   | beem: 10/786 games for * (urune=15 god=sif_muna): Kirara L27 DEWz (cwz), Kirara L27 DEWz (cwz), Engine L27 HuWz (cwz), Kirara L27 DEWz (cwz), Kirara L27 DEWz (cwz), cosmonaut L27 GnCj (cwz), Kirara L27 DEWz (cwz), Kirara L27 DEWz (cwz), Kirara L27 DEWz (cwz), WhatIsLove L27 GnVM (cue)
 25681 | Lair:3   | theanonym: !lg * urune=15 god=sif_muna s=race
 25681 | Lair:3   | beem: 786 games for * (urune=15 god=sif_muna): 186x Deep Elf, 151x Mummy, 64x High Elf, 53x Demonspawn, 42x Gargoyle, 38x Felid, 36x Naga, 34x Octopode, 28x Sludge Elf, 21x Human, 14x Spriggan, 14x Vampire, 13x Tengu, 13x Merfolk, 8x Purple Draconian, 8x Kobold, 7x Red Draconian, 6x Black Draconian, 5x Ogre, 5x Grey Draconian, 5x Hill Orc, 4x Centaur, 4x Mottled Draconian, 4x Yellow Draconian, 4x Pale...
 25681 | Lair:3   | theanonym: !lg * urune=15 god=vehumet s=race
 25681 | Lair:3   | beem: 1765 games for * (urune=15 god=vehumet): 608x Deep Elf, 289x Gargoyle, 163x Demonspawn, 144x High Elf, 107x Octopode, 80x Tengu, 64x Naga, 34x Human, 24x Felid, 22x Green Draconian, 16x Mummy, 16x Hill Orc, 15x Red Draconian, 15x Grey Draconian, 15x Sludge Elf, 13x Spriggan, 11x Purple Draconian, 11x Black Draconian, 10x Ogre, 10x Kenku, 9x Mottled Draconian, 9x Kobold, 8x White Draconian, 8x Me...
 25713 | Lair:4   | Received a gift from Sif Muna
 25724 | Lair:3   | Learned a level 6 spell: Bolt of Cold
 25955 | Lair:4   | Reached skill level 4 in Fire Magic
 26248 | Lair:4   | Noticed Urug
 26394 | D:12     | Noticed Kirke
 26403 | D:12     | Killed Kirke
 26403 | D:12     | Reached skill level 12 in Conjurations
 26818 | D:12     | Reached XP level 14. HP: 80/80 MP: 15/31
 26826 | D:12     | Reached skill level 5 in Fire Magic
 27414 | D:12     | Found a staircase to the Orcish Mines.
 27807 | Orc:1    | Entered Level 1 of the Orcish Mines
 28864 | Orc:2    | Entered Level 2 of the Orcish Mines
 29035 | Orc:2    | Found a roughly hewn altar of Beogh.
 29187 | Orc:2    | Reached skill level 8 in Air Magic
 29355 | Orc:2    | Found a roughly hewn altar of Beogh.
 29490 | Orc:2    | Found a roughly hewn altar of Beogh.
 29641 | D:7      | Bought a twisted glowing staff for 360 gold pieces
 29839 | Orc:2    | Found a staircase to the Elven Halls.
 29899 | Orc:2    | Reached skill level 12 in Spellcasting
 30066 | Orc:2    | Noticed an orc warlord
 30075 | Orc:2    | Killed an orc warlord
 30075 | Orc:2    | Reached skill level 7 in Fighting
 30075 | Orc:2    | Reached skill level 6 in Fire Magic
 30605 | Orc:2    | Found a roughly hewn altar of Beogh.
 30822 | Orc:2    | Found Menonnat's Antique Weapon Shop.
 30836 | Orc:2    | Found Faeffico's Antique Armour Boutique.
 30837 | Orc:2    | Found a roughly hewn altar of Beogh.
 30849 | Orc:2    | Bought a glowing robe for 85 gold pieces
 30895 | Orc:2    | Found a roughly hewn altar of Beogh.
 31020 | Orc:2    | Found Siwav's Antique Armour Shoppe.
 31331 | Orc:2    | Found Ycew's Antique Weapon Shop.
 31593 | Swamp:1  | Entered Level 1 of the Swamp
 32261 | Swamp:1  | Learned a level 6 spell: Freezing Cloud
 32700 | Swamp:1  | Reached skill level 13 in Conjurations
 32801 | Swamp:1  | Received a gift from Sif Muna
 33819 | Swamp:2  | Noticed Nikola
 34104 | D:13     | Reached skill level 11 in Ice Magic
 34784 | D:13     | Reached skill level 9 in Air Magic
 34912 | D:13     | Noticed Frances
 34928 | D:13     | Killed Frances
 35487 | D:13     | HP: 16/82 [centaur warrior/uncursed staff of air (1)]
 35805 | D:13     | HP: 16/83 [yaktaur/bolt (19)]
 36120 | D:13     | Got a distressingly furry shield
 36135 | D:13     | Identified the cursed +0 shield "Tuixos" {rN+ Str+2 Int+3} (You found it on level 13 of the Dungeon)
 36151 | D:13     | Identified the Handbook of the Dislocated Escort
 36338 | D:14     | Reached XP level 15. HP: 88/88 MP: 22/33
 37464 | D:14     | Reached skill level 13 in Spellcasting
 38574 | D:14     | Reached skill level 14 in Conjurations
 38583 | D:14     | Reached skill level 8 in Fighting
 39087 | D:14     | Found a gate to the Vaults.
 39650 | D:15     | Entered Level 15 of the Dungeon
 40048 | D:15     | Found a staircase to the Depths.
 40048 | D:15     | Noticed Agnes
 40054 | D:15     | Killed Agnes
 40054 | D:15     | Identified Sif Muna's Volume of Lethal Lightness {god gift} (Sif Muna gifted it to you on level 15 of the Dungeon)
 40054 | D:15     | Received a gift from Sif Muna
 40055 | D:15     | Found a portal to a secret trove of treasure.
 41742 | D:15     | Found a runed door.
 41900 | D:15     | Reached skill level 11 in Dodging
 42071 | D:15     | Learned a level 5 spell: Lightning Bolt
 42149 | D:15     | Reached skill level 12 in Ice Magic
 42240 | D:15     | Found a glowing golden altar of the Shining One.
 42462 | D:15     | Reached skill level 14 in Spellcasting
 43416 | Spider:1 | Entered Level 1 of the Spider Nest
 44559 | Spider:1 | Reached XP level 16. HP: 94/94 MP: 10/36
 44560 | Spider:1 | Identified Sif Muna's Disquisition on Flying Confrontation {god gift} (Sif Muna gifted it to you on level 1 of the Spider Nest)
 44560 | Spider:1 | Received a gift from Sif Muna
 44560 | Spider:1 | Reached skill level 15 in Conjurations
 44910 | Spider:1 | Noticed Louise
 44916 | Spider:1 | Killed Louise
 45046 | Spider:1 | Learned a level 6 spell: Deflect Missiles
 47148 | Spider:3 | Reached skill level 9 in Fighting
 47213 | Spider:3 | Reached skill level 15 in Spellcasting
 47589 | Spider:3 | Reached skill level 10 in Air Magic
 48480 | Spider:3 | p0werm0de: no hiding!!
 48700 | Spider:3 | p0werm0de: dang dis ruskie is cool af
 49018 | Spider:4 | Entered Level 4 of the Spider Nest
 49238 | Spider:3 | HP: 16/96 [spark wasp (5)]
 49239 | Spider:3 | Mangled by a spark wasp

Vault maps used:
D:1:      mrwooster_arrival_statue_2
D:2:      elyvilon_altar_4, first_bread, uniq_crazy_yiuf_cottage
D:3:      chequers_ecumenical_altar_twisty, uniq_robin, uniq_sigmund
D:5:      grunt_temple_overflow_open, minmay_temple_entry_butterflies,
          basic_altar, uniq_duvessa
D:6:      marbit_many_paths, lemuel_round_altar
D:7:      lemuel_crystal_altar, serial_shops, nicolae_shop_overgrown_old_shop
D:8:      serial_glass, glass_columns_b, glass_columns_a, grunt_ogre_cave,
          grunt_ministairs_1, minmay_misc_feat_pillars
D:9:      uniq_gastronok
D:10:     st_stairs_6, minmay_evil_grid, uniq_erica, uniq_josephine
D:11:     lair_entry_dummy, statue_in_the_mist_lemuel, uniq_maurice
D:12:     orc_0_dummy, feat_on_display, uniq_kirke
D:13:     minmay_the_grid_square_5x5_3x3_mashed, uniq_frances
D:14:     grunt_vaults_entry_fortified, nicolae_benzene_ring, minivault_4
D:15:     grunt_enter_depths_snipers, nicolae_trove_entry_crossroad,
          nicolae_tso_carved_into_rock, minivault_14, lightli_airlock,
          uniq_agnes
Temple:   regret_index_temple_sphere_string
Lair:1:   lab_entry_generic, bh_autumn_forest_stairs, fungi_pond_lemuel,
          grunt_megastairs_3, lemuel_fruit_tree
Lair:2:   minmay_swamp_entry_reptiles, portal_ice_cave_demonic_guard,
          eino_small_chamber_without_monster
Lair:3:   spider_nest_entry_web_field, beast_lair_carwin_9, lemuel_fruit_fields
Lair:4:   beast_lair_carwin_large_1, st_stairs_3, small_statue_intersection,
          ice2_lemuel, infiniplex_staircase_pool_2, lemuel_fruit_fields,
          lemuel_fruit_fields, minmay_lair_oklob_chamber, uniq_urug
Swamp:1:  evilmike_swamp_ruin_house_1
Swamp:2:  nicolae_swamp_dense_foliage, uniq_nikola
Spider:1: nicolae_spider_mines_1, guppyfry_hornet_nest, uniq_louise
Spider:4: guppyfry_spider_rune
Orc:1:    nicolae_orc_crystal_geode
Orc:2:    grunt_orc_community_town_hall, grunt_orc_community_big_house_2,
          grunt_orc_community_big_house_2, grunt_orc_community_house_1,
          grunt_orc_community_house_3, grunt_orc_community_house_1,
          grunt_orc_community_house_3, grunt_orc_community_house_3
Lab:      labyrinth_spiral, lab_fountain, nicolae_lab_very_dead_end,
          nicolae_lab_t_cross, labyrinth_skeletal_remains, nicolae_lab_garden,
          nicolae_lab_plus

Skill      XL: |  1  2  3  4  5  6  7  8  9 10 11 12 13 14 15 16 |
---------------+-------------------------------------------------+-----
Spellcasting   | 4 5 6 7 8 10 11 12 14 15 | 15.2
Ice Magic      | 4 5 6 7 9 10 11 12 | 12.7
Charms         | 1 2 4 5 |  5.2
Dodging        | 3 4 5 6 8 9 10 11 | 11.0
Conjurations   | 2 3 5 7 8 9 10 12 13 14 15 | 15.3
Fighting       | 2 3 4 5 6 7 8 9 |  9.1
Shields        | 1 4 |  4.0
Invocations    | 1 6 10 | 10.2
Air Magic      | 5 7 9 10 | 10.0
Fire Magic     | 4 6 |  6.4
Stealth        | |  2.4

Action                   |  1- 3 |  4- 6 |  7- 9 | 10-12 | 13-15 | 16-18 || total
-------------------------+-------+-------+-------+-------+-------+-------++-------
Melee: Club              |     4 |       |       |       |       |       ||     4
       Dagger            |    20 |    77 |   153 |   193 |       |       ||   443
       Staff             |       |       |       |       |    20 |     4 ||    24
 Cast: Freeze            |    28 |    42 |    63 |    25 |       |       ||   158
       Throw Frost       |     6 |    41 |    40 |    11 |       |       ||    98
       Ozocubu's Armour  |       |     3 |    11 |    12 |    30 |     2 ||    58
       Throw Icicle      |       |     2 |   108 |   405 |   577 |   127 ||  1219
       Conjure Ball Ligh |       |       |       |     2 |    40 |       ||    42
       Swiftness         |       |       |       |     1 |     8 |     1 ||    10
       Fireball          |       |       |       |       |    91 |     6 ||    97
       Bolt of Cold      |       |       |       |       |    68 |    17 ||    85
       Freezing Cloud    |       |       |       |       |    24 |     1 ||    25
       Lightning Bolt    |       |       |       |       |     9 |    14 ||    23
       Deflect Missiles  |       |       |       |       |       |     1 ||     1
Invok: Divine Energy     |       |       |     1 |       |     1 |       ||     2
       Channel Magic     |       |       |       |     5 |    16 |     5 ||    26
       Stop Divine Energ |       |       |       |       |     1 |       ||     1
Evoke: Wand              |       |       |    14 |     6 |     1 |       ||    21
  Use: Scroll            |     2 |     6 |     2 |    10 |    14 |     2 ||    36
       Potion            |       |     3 |     1 |       |     5 |     1 ||    10
 Stab: Sleeping          |     8 |     3 |     4 |     2 |       |       ||    17
       Distracted        |       |       |     1 |       |       |       ||     1
  Eat: Chunk             |     2 |     8 |    17 |    25 |    22 |     5 ||    79
       Meat ration       |       |       |     1 |     2 |     6 |     1 ||    10
       Bread ration      |       |       |       |     2 |    11 |       ||    13
       Fruit             |       |       |       |     1 |     7 |     7 ||    15
       Royal jelly       |       |       |       |     1 |       |     1 ||     2
Armor: Robe              |     2 |    23 |    61 |   120 |    69 |    22 ||   297
Dodge: Dodged            |    29 |    82 |   175 |   367 |   259 |    70 ||   982
Block: Buckler           |       |       |       |   115 |    73 |    13 ||   201

Table legend:
 A = Spawn XP
 B = Non-spawn XP
 C = Spawn XP percentage of total XP
 D = Spawn monster count
 E = Non-spawn monster count
 F = Spawn count percentage of total count
 G = Total turns spent on level
                    A         B        C        D         E        F      G
               +---------+---------+-------+---------+---------+-------+---------
         Total |       0 |  183267 |   0.0 |       0 |     900 |   0.0 | 49239
               +---------+---------+-------+---------+---------+-------+---------
           D:1 |       0 |      34 |   0.0 |       0 |      18 |   0.0 |   771
           D:2 |       0 |     162 |   0.0 |       0 |      28 |   0.0 |  1277
           D:3 |       0 |     279 |   0.0 |       0 |      25 |   0.0 |  1261
           D:4 |       0 |     624 |   0.0 |       0 |      16 |   0.0 |  1447
           D:5 |       0 |     846 |   0.0 |       0 |      25 |   0.0 |  1289
           D:6 |       0 |    1558 |   0.0 |       0 |      30 |   0.0 |  1562
           D:7 |       0 |    1713 |   0.0 |       0 |      42 |   0.0 |  1654
           D:8 |       0 |    2396 |   0.0 |       0 |      40 |   0.0 |  2309
           D:9 |       0 |    3761 |   0.0 |       0 |      29 |   0.0 |  2142
          D:10 |       0 |    8323 |   0.0 |       0 |      50 |   0.0 |  3113
          D:11 |       0 |    6937 |   0.0 |       0 |      51 |   0.0 |  3184
          D:12 |       0 |    7778 |   0.0 |       0 |      22 |   0.0 |  1353
          D:13 |       0 |   11980 |   0.0 |       0 |      38 |   0.0 |  2859
          D:14 |       0 |   16537 |   0.0 |       0 |      52 |   0.0 |  3442
          D:15 |       0 |   24016 |   0.0 |       0 |      47 |   0.0 |  2748
        Lair:1 |       0 |   10461 |   0.0 |       0 |      44 |   0.0 |  2656
        Lair:2 |       0 |    4932 |   0.0 |       0 |      23 |   0.0 |  1649
        Lair:3 |       0 |    5573 |   0.0 |       0 |      26 |   0.0 |  3140
        Lair:4 |       0 |   12508 |   0.0 |       0 |      39 |   0.0 |   289
       Swamp:1 |       0 |   10142 |   0.0 |       0 |      29 |   0.0 |  1564
       Swamp:2 |       0 |    3491 |   0.0 |       0 |      11 |   0.0 |   671
      Spider:1 |       0 |   13549 |   0.0 |       0 |      33 |   0.0 |  1498
      Spider:2 |       0 |    5155 |   0.0 |       0 |      18 |   0.0 |  1684
      Spider:3 |       0 |   17583 |   0.0 |       0 |      52 |   0.0 |  2430
      Spider:4 |       0 |    2835 |   0.0 |       0 |       7 |   0.0 |    68
         Orc:1 |       0 |    1012 |   0.0 |       0 |      19 |   0.0 |   539
         Orc:2 |       0 |    8017 |   0.0 |       0 |      85 |   0.0 |  2199
           Lab |       0 |    1065 |   0.0 |       0 |       1 |   0.0 |   276
               +---------+---------+-------+---------+---------+-------+---------
